 Dungeon Crawl Stone Soup version 0.28-a0-1447-ga5a8893891 (webtiles) character file.

Game seed: 6882695785422889608

324 eustatius the Bolt Thrower (level 6, 0/47 HPs)
             Began as a Ghoul Wanderer on Jan 10, 2022.
             Was a Believer of Trog.
             Slain by Eustachio (10 damage)
             ... on level 4 of the Dungeon on Jan 11, 2022.
             The game lasted 00:21:32 (3500 turns).

eustatius the Bolt Thrower (Ghoul Wanderer)         Turns: 3500, Time: 00:21:33

Health: 0/47       AC:  6    Str: 18      XL:     6   Next: 48%
Magic:  6/6        EV: 11    Int:  7      God:    Trog [**....]
Gold:   186        SH:  0    Dex:  5 (8)  Spells: 6/7 levels left

rFire   . . .      SeeInvis +   a - +0 hand crossbow (vorpal)
rCold   + + .      Faith    .   (no shield)
rNeg    + + +      Spirit   .   d - +2 leather armour {rN+}
rPois   ∞          Reflect  .   (no helmet)
rElec   .          Harm     .   (no cloak)
rCorr   .          Rampage  .   r - +0 pair of gloves of Cixent {Will+ SInv}
Will    ++...                   (no boots)
Stlth   +.........              k - amulet of the acrobat
HPRegen 0.00/turn               j - ring of willpower
MPRegen 0.10/turn               n - ring of protection from cold

@: inhibited regen
A: claws 1, cold resistance 1, negative energy resistance 3, inhibited
regeneration, torment resistance 2
a: Renounce Religion, Trog's Hand


You were on level 4 of the Dungeon.
You worshipped Trog.
Trog was pleased with you.
You visited 1 branch of the dungeon, and saw 4 of its levels.

You collected 186 gold pieces.

Inventory:

Hand Weapons
 a - a +0 vorpal hand crossbow (weapon)
 h - a +1 dagger of venom
 p - a +2 dagger of flaming
Missiles
 b - 46 bolts (quivered ammo)
 t - 12 poisoned darts
Armour
 d - a +2 leather armour of positive energy (worn)
 r - the +0 pair of gloves of Cixent (worn) {Will+ SInv}
   (You found it on level 3 of the Dungeon)

   SInv:      It lets you see invisible.
   Will:      It increases your willpower.
Jewellery
 j - a ring of willpower (left hand)
 k - an amulet of the acrobat (around neck)
 n - a ring of protection from cold (right hand)
 x - a ring of wizardry
Scrolls
 e - a scroll of teleportation {unknown}
 f - a scroll of noise {unknown}
 g - a scroll of fear {unknown}
 m - a scroll of brand weapon {unknown}
 o - a scroll of identify {unknown}
 u - a scroll of torment {unknown}
 y - a scroll of blinking {unknown}
Potions
 c - 4 potions of degeneration {unknown}
 i - 3 potions of lignification {unknown}
 l - 2 potions of haste {unknown}
 q - a potion of attraction {unknown}
 s - a potion of resistance {unknown}
 v - a potion of might
 w - a potion of curing {unknown}


   Skills:
 * Level 1.4 Fighting
 * Level 5.4 Crossbows
 - Level 1.0 Throwing
 * Level 2.9 Armour
 + Level 1.4 Dodging
 - Level 1.0 Spellcasting
 - Level 1.7 Transmutations
 - Level 0.2 Poison Magic
 + Level 1.0 Evocations


You had 6 spell levels left.
You knew the following spells:

 Your Spells              Type           Power      Damage    Failure   Level
a - Sting                 Tmut/Pois      4%         1d3       34%         1

Your spell library contained the following spells:

 Spells                   Type           Power      Damage    Failure   Level
 Animate Skeleton         Necr           0%         N/A       45%         1
 Foxfire                  Conj/Fire      0%         2x1d4     45%         1
 Pain                     Necr           0%         1d4       45%         1
 Ignite Poison            Fire/Tmut/Pois 1%         N/A       75%         3
 Conjure Flame            Conj/Fire      0%         6-21      83%         3
 Gell's Gravitas          Tloc           0%         N/A       83%         3
 Inner Flame              Hex/Fire       0%         N/A       83%         3
 Teleport Other           Tloc           0%         N/A       83%         3
 Vampiric Draining        Necr           0%         2d6       83%         3
 Flame Wave               Conj/Fire      0%         2d4       99%         4
 Dispersal                Tloc           0%         N/A       100%        6


Dungeon Overview and Level Annotations

Branches:
Dungeon (4/15)             Temple (0/1) D:4

Altars:
Trog

Annotations:
D:4 Eustachio


Innate Abilities, Weirdness & Mutations

You thrive by killing the living.
You are immune to poison.
You have sharp fingernails.
Your flesh is cold resistant. (rC+)
You are immune to negative energy. (rN+++)
You do not regenerate when monsters are visible.
You are immune to unholy pain and torment.


Message History

The bolt hits Eustachio but does no damage.
Eustachio is severely wounded.
The bat hits you but does no damage. Eustachio hits you with a +0 rapier!
The quasit bites you but does no damage.
The quasit closely misses you.
The quasit claws you but does no damage.
The river rat closely misses you.
Fire: 49 bolts
Press: ? - help, Q - select action, (/) - cycle Shift-Dir - straight line, f/p - Eustachio
Aim: Eustachio, wielding a +0 rapier, wearing a +0 leather armour and carrying a wand of polymorph (3) (severely wounded, strong, 48% to hit)
You shoot a bolt. The bolt barely misses Eustachio.
The bolt misses the bat.
The bat hits you but does no damage. The quasit bites you.
You feel clumsy. The quasit barely misses you.
The quasit claws you but does no damage.
Eustachio zaps a wand.
You resist with almost no effort. The river rat bites you.
* * * LOW HITPOINT WARNING * * *
The quasit bites you.
* * * LOW HITPOINT WARNING * * *
You feel clumsy. The quasit barely misses you. x2
Fire: 48 bolts
Press: ? - help, Q - select action, (/) - cycle Shift-Dir - straight line, f/p - Eustachio
Aim: Eustachio, wielding a +0 rapier, wearing a +0 leather armour and carrying a wand of polymorph (2) (severely wounded, strong, 46% to hit)
You shoot a bolt. The bolt misses Eustachio.
The bat hits you but does no damage. Eustachio misses you.
The river rat bites you but does no damage.
The quasit barely misses you.
The quasit claws you but does no damage. x2
Eustachio zaps a wand.
You resist with almost no effort.
Fire: 47 bolts
Press: ? - help, Q - select action, (/) - cycle Shift-Dir - straight line, f/p - Eustachio
Aim: Eustachio, wielding a +0 rapier, wearing a +0 leather armour and carrying a wand of polymorph (1) (severely wounded, strong, 46% to hit)
You shoot a bolt. The bolt misses Eustachio.
The bat barely misses you. The bat hits you but does no damage. x2
The quasit barely misses you. x2
The quasit claws you but does no damage.
The river rat closely misses you. Eustachio hits you with a +0 rapier!
You die...

#............(# #
#.......(.....# #
#........###########
#####....# #.....######
#....#####.....##....
####...÷.............
#.#####.....##....
######r# #...).......
#...##@#########.......
#(((5b@5....# #.......
#.).##......# #.).....
#(..##......# #.......
#...##(.....# #.......
#..5######### #.......
#[..# ######## ##(##
#.#


You could see Eustachio (strong), a quasit (summoned), a crimson imp (summoned),
a river rat (summoned) and a bat (summoned).

Vanquished Creatures
  An ogre (D:4)
  A scorpion (D:4)
  An iguana (D:4)
  2 hound skeletons (D:4)
  A gnoll (D:2)
  4 adders
  2 worms (D:2)
  2 dart slugs
  An orc (D:4)
  4 endoplasms
  6 giant cockroaches
  5 goblins
  11 hobgoblins
  3 quokkas
  9 ball pythons
  6 bats
  2 frilled lizards
  8 kobolds
  10 rats
79 creatures vanquished.

Vanquished Creatures (others)
  3 plants (D:1)
3 creatures vanquished.

Grand Total: 82 creatures vanquished

Notes
Turn   | Place    | Note
-------+----------+-------------------------------------------
     0 | D:1      | eustatius the Ghoul Wanderer began the quest for the Orb.
     0 | D:1      | eustatius set off with the following items: a +0 vorpal
                  | hand crossbow, 28 bolts, a +0 ring mail; and the following
                  | spell memorised: Sting; and the following spells available
                  | to memorise: Ignite Poison
     0 | D:1      | Reached XP level 1. HP: 14/14 MP: 1/1
     2 | D:1      | Noticed a minotaur
     2 | D:1      | Noticed a vine stalker
     4 | D:1      | Noticed an elf
     4 | D:1      | Noticed a troll
     8 | D:1      | Noticed an ogre
     8 | D:1      | Noticed a formicid
    10 | D:1      | Noticed a human
    14 | D:1      | Noticed a draconian
    14 | D:1      | Noticed an octopode
    16 | D:1      | Noticed a tengu
    18 | D:1      | Noticed a gargoyle
    18 | D:1      | Noticed a merfolk
    20 | D:1      | Noticed a vampire
    20 | D:1      | Noticed a naga
    22 | D:1      | Noticed a ghoul
    22 | D:1      | Noticed a dwarf
    24 | D:1      | Noticed a spriggan
    24 | D:1      | Noticed a demonspawn
    26 | D:1      | Noticed a demigod
    28 | D:1      | Noticed a felid
   157 | D:1      | Found a faded altar of an unknown god.
   186 | D:1      | Prayed at the altar of an unknown god.
   186 | D:1      | Became a worshipper of Trog the Wrathful
   186 | D:1      | Reached * piety under Trog
   237 | D:1      | Reached skill level 2 in Crossbows
   237 | D:1      | Reached XP level 2. HP: 20/20 MP: 2/2
   669 | D:1      | Reached XP level 3. HP: 25/26 MP: 3/3
  1361 | D:2      | Reached skill level 3 in Crossbows
  1484 | D:2      | Reached XP level 4. HP: 33/33 MP: 4/4
  1825 | D:2      | Reached ** piety under Trog
  2457 | D:3      | Found a bloodstained altar of Trog.
  2493 | D:3      | Identified the +0 pair of gloves of Cixent {Will+ SInv}
  2800 | D:3      | Reached skill level 4 in Crossbows
  2942 | D:4      | Reached XP level 5. HP: 39/39 MP: 5/5
  3126 | D:4      | Noticed an ogre
  3131 | D:4      | Killed an ogre
  3132 | D:4      | Reached skill level 1 in Fighting
  3132 | D:4      | Reached skill level 1 in Dodging
  3169 | D:4      | Reached skill level 5 in Crossbows
  3169 | D:4      | Reached XP level 6. HP: 42/47 MP: 6/6
  3260 | D:4      | Found a staircase to the Ecumenical Temple.
  3454 | D:4      | Noticed Eustachio
  3500 | D:4      | Slain by Eustachio

Illustrated notes

Levels and vault maps discovered:
D:1:      kb_arrival_jail, layout_loops_ring,
          shapermc_ecumenical_altar_mp_ritualfount, serial_forest,
          infiniplex_forest_lined_3_way, infiniplex_forest_end_1,
          infiniplex_forest_clump_diagonal, infiniplex_forest_lined_room_3,
          minmay_hedge_maze, minmay_misc_feat_square,
          chequers_serial_rivers_micro_c, st_stairs_4
D:2:      minmay_general_purpose_star, layout_loops_corners, minmay_octomino_c4
D:3:      layout_basic, trog_three_pillars_becter
D:4:      layout_basic, minmay_temple_entry_arrows, uniq_eustachio

Skill      XL: |  1  2  3  4  5 |
---------------+----------------+-----
Crossbows      | 2 3 4 5 |  5.4
Fighting       | 1 |  1.4
Dodging        | 1 |  1.4
Throwing       | |  1.0
Armour         | |  2.9
Spellcasting   | |  1.0
Transmutations | |  1.7
Poison Magic   | |  0.2
Evocations     | |  1.0

Action                   |  1- 3 |  4- 6 || total
-------------------------+-------+-------++-------
Melee: Hand crossbow     |       |     3 ||     3
 Fire: Hand crossbow     |    74 |   129 ||   203
Armor: Leather armour    |    26 |    72 ||    98
       Ring mail         |     1 |       ||     1
Dodge: Dodged            |    44 |    81 ||   125

Table legend: (Time is in decaauts)
 A = Elapsed time spent in this place.
 B = Non-inter-level travel time spent in this place.
 C = Inter-level travel time spent in this place.
 D = Time resting spent in this place.
 E = Time spent auto-exploring this place.
 F = Levels seen in this place.
 G = Mean time per level.
                   A        B        C        D        E       F      G
               +--------+--------+--------+--------+--------+-----+--------+
         Total |   3565 |   3144 |    421 |      0 |   1846 |   4 |  891.2 |
       Dungeon |   3565 |   3144 |    421 |      0 |   1846 |   4 |  891.2 |
               +--------+--------+--------+--------+--------+-----+--------+

Top non-repeatable levels by time:
     D:2: 1251 daAuts
     D:1: 1219 daAuts
     D:4: 611 daAuts
     D:3: 483 daAuts
